Map: Lost and Found LE

Players

motorokr

  • Race: Terran Terran
  • League: Platinum
  • Spawn Location: 7:00

hutchyhutchy - Winner!

  • Race: Zerg Zerg
  • League: Platinum
  • Spawn Location: 1:00

VOD

Have the link to the VOD?

Description

Not a 57 minute stalemate.

Time

  • Played on: June 29, 2018, 8:50 p.m.
  • Length: 20:36
Show
View Real Time Build Order
Export as new Build Order

motorokr Terran 

Build Orders: MMM Bio 

Get SALT Encoding   

  12  0:06  SCV  
  13  0:18  SCV  
  14  0:31  Supply Depot  
  14  0:32  SCV  
  15  0:52  SCV  
  16  0:58  Barracks  
  16  1:00  Barracks  
  16  1:05  SCV  
  17  1:13  Supply Depot  
  17  1:24  SCV  
  18  1:36  SCV  
  18  1:37  Refinery  
  19  1:45  Supply Depot  
  19  1:46  Marine  
  20  2:05  Bunker  
  20  2:07  Marine x2  
  22  2:11  Bunker  
  22  2:15  SCV  
  23  2:23  Refinery  
  23  2:25  Marine  
  23  2:26  Marine  
  23  2:28  SCV  
  26  2:40  SCV  
  26  2:42  Bunker  
  27  2:44  Marine x2  
  28  2:52  SCV  
  28  2:53  Bunker  
  29  3:02  Marine x2  
  29  3:04  Factory  
  29  3:20  Marine x2  
  31  3:37  Marine  
  31  3:38  Marine  
  31  3:41  Orbital Command  
  31  3:49  Starport  
  31  3:50  Factory Tech Lab  
  31  3:55  Marine  
  31  3:59  Bunker  
  32  4:06  Marine  
  33  4:26  Factory Reactor  
  33  4:33  Command Center  
  33  4:38  Engineering Bay, SCV  
  34  4:50  SCV  
  35  4:53  Banshee  
  35  4:54  Cloaking Field  
  30  5:17  Widow Mine  
  30  5:18  Widow Mine  
  30  5:23  Terran Infantry Weapons Level 1  
  30  5:27  Barracks  
  30  5:29  SCV  
  31  5:41  SCV  
  29  5:52  Banshee  
  32  6:00  SCV  
  32  6:01  Factory Tech Lab  
  32  6:04  Command Center  
  33  6:12  SCV  
  33  6:15  Command Center  
  34  6:24  Barracks Tech Lab, SCV  
  35  6:28  Siege Tank  
  35  6:29  Barracks Tech Lab  
  38  6:36  SCV  
  39  6:48  Stimpack  
  39  6:52  Combat Shields  
  39  7:15  Marine x2  
  41  7:17  Marine x2  
  41  7:19  Siege Tank  
  41  7:21  Orbital Command  
  46  7:33  Marine  
  46  7:35  Marauder  
  49  7:47  Orbital Command  
  49  7:53  Siege Tank  
  49  8:12  Orbital Command  
  46  8:27  Marine x4  
  50  8:42  SCV  
  51  8:54  SCV  
  52  8:59  Marine  
  52  9:00  Marine x3  
  56  9:03  Terran Infantry Armor Level 1  
  56  9:06  SCV  
  57  9:12  Orbital Command  
  57  9:13  Engineering Bay  
  57  9:17  Marine x3  
  57  9:18  SCV  
  61  9:24  Refinery  
  61  9:27  Refinery  
  61  9:28  Marine  
  61  9:31  SCV  
  63  9:35  Marine x2  
  63  9:36  Marauder  
  67  9:42  Supply Depot  
  67  9:43  SCV  
  68  9:46  Marine  
  68  9:49  Starport Reactor  
  68  9:51  Factory  
  69  9:58  Supply Depot  
  69  10:03  SCV, Marine  
  69  10:04  Marauder  
  69  10:05  Armory  
  73  10:09  Marine x2  
  75  10:15  SCV  
  76  10:21  Supply Depot  
  76  10:27  SCV  
  77  10:30  Refinery, Marine  
  77  10:31  Siege Tank, Marauder  
  77  10:33  Medivac  
  85  10:38  Concussive Shells  
  85  10:42  Medivac  
  85  10:43  SCV  
  85  10:44  Supply Depot  
  85  10:46  Supply Depot  
  88  10:55  SCV  
  89  10:58  SCV  
  89  10:59  SCV  
  89  11:03  Supply Depot  
  91  11:07  SCV, Supply Depot  
  73  11:26  Supply Depot  
  73  11:28  Marine x4  
  73  11:29  Supply Depot  
  73  11:32  Medivac x2  
  64  11:39  Bunker  
  64  11:46  Marine x4  
  68  11:48  Supply Depot  
  68  11:51  Terran Vehicle Weapons Level 1  
  68  11:54  SCV  
  68  11:55  Liberator  
  68  11:58  Siege Tank  
  72  12:02  Terran Infantry Weapons Level 2  
  72  12:03  Marine x2  
  72  12:04  Marine x2  
  72  12:06  SCV  
  80  12:17  SCV  
  80  12:20  Command Center  
  80  12:21  Marine x2  
  80  12:22  Marauder, Liberator, Marine  
  86  12:27  Refinery  
  86  12:29  SCV  
  87  12:31  Siege Tank  
  87  12:35  Siege Tank  
  93  12:39  Marine x2  
  93  12:40  Marauder  
  93  12:41  SCV  
  93  12:43  Marauder  
  103  12:44  SCV  
  103  12:45  SCV  
  105  12:53  SCV  
  105  12:57  SCV, Marine  
  108  12:59  Marine  
  108  13:01  Marine  
  108  13:04  Marine  
  108  13:05  SCV  
  112  13:07  Siege Tank  
  115  13:15  Marine  
  115  13:17  SCV, Marine  
  115  13:19  Marine  
  119  13:22  Marine  
  119  13:32  Marine  
  112  13:35  Marine  
  112  13:36  Marine  
  112  13:40  Marauder  
  116  13:55  Marine x2, Marauder  
  113  14:02  Marine  
  106  14:11  Liberator x2  
  106  14:13  Marine x2  
  106  14:16  Marine  
  109  14:20  Marine  
  110  14:27  Siege Tank  
  110  14:31  Marine x2  
  105  14:34  Marauder  
  105  14:36  SCV x3  
  101  14:38  Marauder  
  103  14:49  Marine x2  
  105  14:55  Marine  
  105  14:59  Siege Tank, Marine  
  108  15:03  Terran Vehicle Weapons Level 2  
  108  15:06  Marine x2  
  107  15:13  Marauder  
  98  15:18  Marauder  
  97  15:24  SCV x2, Marine x2  
  97  15:25  SCV  
  97  15:28  Liberator x2  
  101  15:32  Widow Mine  
  101  15:34  Missile Turret  
  101  15:35  Marauder  
  99  15:39  Marauder  
  99  15:42  Marine x2  
  106  15:53  Siege Tank  
  106  15:55  Command Center, Marine  
  109  16:00  Marauder, Marine x2  
  113  16:05  Barracks  
  113  16:13  Marine  
  113  16:18  Marine x2  
  116  16:21  Marine  
  116  16:25  Siege Tank  
  120  16:31  Marine  
  121  16:33  Refinery  
  93  16:51  Marine x4  
  88  16:57  Siege Tank  
  74  17:09  Marine x5  
  79  17:19  Terran Vehicle And Ship Armor Level 1  
  67  17:23  SCV  
  67  17:26  Marine  
  67  17:27  Marine x4  
  67  17:29  Siege Tank  
  72  17:35  SCV  
  69  17:44  SCV x2, Marine x3  
  69  17:45  Marine x2  
  69  17:47  Liberator x2, SCV  
  77  17:56  SCV x2  
  79  17:58  Command Center  
  79  17:59  SCV  
  79  18:02  Marine x4  
  79  18:03  Siege Tank, Marine  
  94  18:11  SCV  
  95  18:18  Supply Depot  
  95  18:20  Marine x5  
  100  18:30  Liberator  
  100  18:33  Orbital Command  
  100  18:38  Marine  
  100  18:39  Marine  
  99  18:46  Marine x3  
  95  19:01  Marine x2  
  95  19:02  Siege Tank  
  86  19:06  SCV  
  86  19:07  SCV x2  
  72  19:18  SCV  
  73  19:34  Siege Tank  
  61  19:55  Medivac x2  
  64  20:04  Orbital Command  
Show
View Real Time Build Order
Export as new Build Order

hutchyhutchy Zerg - Winner!

Build Orders: Hatch First 

Get SALT Encoding   

  12  0:00  Drone  
  13  0:13  Overlord  
  13  0:16  Drone  
  14  0:31  Drone x2  
  14  0:35  Drone  
  17  0:53  Hatchery  
  17  0:56  Drone  
  17  0:59  Drone  
  18  1:10  Extractor  
  17  1:15  Spawning Pool  
  17  1:17  Drone  
  17  1:20  Drone  
  18  1:28  Drone  
  19  1:40  Overlord  
  19  1:52  Drone  
  20  2:05  Queen  
  20  2:07  Zergling x4  
  24  2:11  Spine Crawler  
  24  2:12  Zergling x2  
  24  2:16  Zergling x2  
  24  2:22  Zergling x2  
  26  2:27  Zergling x2  
  27  2:30  Queen  
  28  2:38  Zergling x4  
  28  2:41  Metabolic Boost  
  30  2:51  Queen  
  30  2:54  Zergling x4  
  30  2:55  Zergling x2  
  35  3:01  Overlord  
  34  3:11  Zergling x4  
  33  3:31  Zergling x12  
  35  3:46  Zergling x2  
  35  3:47  Zergling x10  
  31  3:59  Zergling x4  
  31  4:02  Zergling x2  
  33  4:09  Zergling x6  
  36  4:12  Queen  
  38  4:20  Spine Crawler, Zergling x2  
  38  4:29  Zergling x8  
  42  4:36  Zergling x4  
  44  4:46  Overlord x2  
  36  5:19  Drone  
  36  5:20  Drone x8  
  44  5:26  Queen  
  44  5:27  Queen  
  48  5:30  Drone  
  48  5:32  Drone  
  50  5:51  Spore Crawler, Extractor  
  48  6:20  Overlord x3  
  48  6:21  Overlord  
  48  6:22  Drone x2  
  48  6:23  Drone  
  48  6:24  Hatchery  
  50  6:25  Drone  
  50  6:26  Drone x4  
  55  6:39  Lair  
  55  6:40  Queen  
  57  6:55  Drone x6  
  57  6:59  Extractor  
  57  7:00  Extractor  
  61  7:11  Overlord  
  61  7:12  Overlord x2  
  48  7:38  Spore Crawler  
  48  7:43  Queen  
  48  7:44  Queen  
  48  7:48  Spore Crawler  
  49  7:54  Overseer  
  48  8:16  Drone x14  
  48  8:17  Drone  
  62  8:40  Zergling x14  
  69  9:02  Baneling Nest  
  68  9:06  Evolution Chamber  
  68  9:08  Evolution Chamber  
  66  9:19  Drone  
  66  9:20  Drone x15  
  82  9:27  Overlord  
  82  9:31  Drone  
  82  9:32  Drone x2  
  82  9:33  Drone  
  82  9:35  Drone  
  87  9:44  Overlord  
  87  9:45  Overlord  
  87  9:48  Zerg Melee Weapons Level 1  
  87  9:52  Zerg Ground Armor Level 1  
  87  9:59  Extractor  
  86  10:04  Extractor  
  86  10:05  Centrifical Hooks  
  85  10:18  Hatchery  
  84  10:27  Hatchery  
  83  10:31  Overlord  
  83  10:32  Overlord x5  
  83  10:37  Zergling x2  
  83  10:38  Zergling x8  
  83  10:40  Baneling  
  83  10:41  Baneling x3  
  88  10:51  Zergling x14  
  88  10:52  Zergling x2  
  96  11:00  Baneling  
  96  11:01  Baneling x6  
  96  11:04  Overlord  
  78  11:47  Zerg Melee Weapons Level 2  
  78  11:52  Drone x5  
  78  11:53  Drone x3  
  86  11:59  Drone  
  86  12:00  Drone x20  
  107  12:12  Zerg Ground Armor Level 2  
  107  12:18  Zergling x2  
  107  12:19  Zergling x20  
  107  12:20  Extractor  
  107  12:22  Baneling x3  
  117  12:23  Baneling x9  
  117  12:27  Pneumatized Carapace  
  117  12:38  Infestation Pit  
  116  12:53  Queen  
  118  13:01  Extractor  
  118  13:03  Drone x4  
  118  13:04  Drone x2  
  118  13:05  Overlord x3  
  123  13:06  Spine Crawler  
  123  13:07  Spine Crawler  
  121  13:15  Hive  
  119  13:30  Hydralisk Den  
  119  13:32  Hatchery  
  112  13:35  Zergling x2  
  112  13:36  Zergling x48  
  112  13:39  Hatchery  
  136  13:45  Baneling x3  
  136  13:46  Baneling x8  
  136  13:47  Baneling x5  
  126  14:03  Hydralisk x15  
  126  14:06  Grooved Spines  
  148  14:14  Baneling x13  
  130  14:35  Queen  
  130  14:36  Overlord  
  117  14:42  Zergling x18  
  117  14:43  Zergling x28  
  138  14:55  Queen  
  116  15:09  Hydralisk x6  
  123  15:17  Muscular Augments  
  123  15:20  Zerg Melee Weapons Level 3, Adrenal Glands  
  123  15:22  Zerg Ground Armor Level 3  
  123  15:27  Zergling x16  
  123  15:28  Zergling x30  
  136  16:00  Queen  
  138  16:10  Hydralisk x12  
  138  16:11  Hydralisk x4  
  162  16:14  Baneling x13  
  162  16:15  Baneling x2  
  119  17:42  Zergling x24, Extractor  
  119  17:43  Zergling x54  
  155  17:45  Extractor  
  154  17:59  Zergling x2  
  154  18:00  Zergling x36  
  173  18:15  Baneling x13  
  173  18:16  Baneling x2  
  173  18:17  Baneling x2  
  173  18:18  Baneling x3  
  167  18:52  Hydralisk x16  
  164  19:58  Zergling x4  
  164  19:59  Zergling x38  
Tags
 
Composition
MMM Bio
Matchup
TvZ
Spawn Locations
Cross Positions
Add a new tag
Caveats
  • Supply blocks, unpowered buildings, or Contaminate may cause inaccurate times.
  • Supply counts are checked every 10 seconds.